 Dungeon Crawl Stone Soup version 0.27.1-1-g398f81649c (webtiles) character file.

Game seed: 10021511251682515320

126 Kala the Grave Robber (level 4, -1/36 HPs)
             Began as a Deep Dwarf Necromancer on Sept 6, 2021.
             Killed by nerve-wracking pain
             ... invoked by Jessica
              (10 damage)
             ... on level 3 of the Dungeon on Sept 7, 2021.
             The game lasted 00:13:50 (3372 turns).

Kala the Grave Robber (Deep Dwarf Necromancer)      Turns: 3372, Time: 00:13:50

Health: -1/36      AC:  4    Str: 11    XL:     4   Next: 83%
Magic:  0/7        EV: 12    Int: 17    God:
Gold:   194        SH:  5    Dex: 13    Spells: 2/7 levels left

rFire    + . .     SeeInvis .   (no weapon)
rCold    x . .     Faith    .   e - +0 buckler
rNeg     . . .     Spirit   .   a - +0 robe
rPois    .         Reflect  .   p - +0 helmet
rElec    .         Harm     .   (no cloak)
rCorr    .         Rampage  .   u - +0 pair of gloves
Will     .....                  (no boots)
Stlth    ++........             (no amulet)
HPRegen  0.00/turn              o - ring of fire
MPRegen  0.10/turn              (no ring)

@: no status effects
A: damage resistance, heal wounds, sense surroundings 1, no regeneration
a: Heal Wounds


You were on level 3 of the Dungeon.
You visited 1 branch of the dungeon, and saw 4 of its levels.

You collected 194 gold pieces.

Inventory:

Armour
 a - a +0 robe (worn)
 e - a +0 buckler (worn)
 p - a +0 helmet (worn)
 u - a +0 pair of gloves (worn)
Jewellery
 o - a ring of fire (left hand)
 v - a ring of protection from fire
Wands
 m - a wand of paralysis (4)
Scrolls
 f - 2 scrolls of immolation {unknown}
 g - 2 scrolls of torment {unknown}
 h - a scroll of fog {unknown}
 k - a scroll of fear {unknown}
 r - a scroll of magic mapping {unknown}
 s - a scroll of teleportation {unknown}
 t - a scroll of holy word {unknown}
 w - a scroll of enchant weapon {unknown}
Potions
 b - a potion of curing {unknown}
 c - a potion of haste {unknown}
 d - 3 potions of lignification {unknown}
 i - a potion of cancellation {unknown}
 j - 2 potions of mutation {unknown}
 l - a potion of flight {unknown}
 n - a potion of heal wounds {unknown}
 q - a potion of magic {unknown}


   Skills:
 - Level 0.9 Armour
 - Level 2.1 Dodging
 - Level 2.4 Stealth
 * Level 3.3 Shields
 - Level 2.0 Spellcasting
 + Level 5.3 Necromancy
 - Level 1.1 Earth Magic


You had 2 spell levels left.
You knew the following spells:

 Your Spells              Type           Power      Damage    Failure   Level
a - Pain                  Necr           76%        1d7       2%          1
b - Animate Skeleton      Necr           38%        N/A       2%          1
c - Vampiric Draining     Necr           9%         2d7       7%          3

Your spell library contained the following spells:

 Spells                   Type           Power      Damage    Failure   Level
 Slow                     Hex            1%         N/A       30%         2
 Animate Dead             Necr           9%         N/A       22%         4
 Confusing Touch          Hex            1%         N/A       52%         3
 Agony                    Necr           19%        N/A       54%         5
 Yara's Violent Unravell  Hex/Tmut       0%         3d3       99%         5


Dungeon Overview and Level Annotations

Branches:
Dungeon (4/15)
 Temple: D:4-7

Altars:

Annotations:
D:3 Jessica, Robin


Innate Abilities, Weirdness & Mutations

You are resistant to damage.
You can heal yourself by infusing magical energy.
You passively map a small area around you.
You do not regenerate.


Message History

The goblins go into a battle-frenzy!
Jessica gestures wildly while chanting.
Jessica seems to speed up.
The hobgoblin hits you.
You barely miss the goblin. The goblin hits you with a +0 dagger.
* * * LOW HITPOINT WARNING * * *
The orc wizard hits you but does no damage.
The hobgoblin hits you but does no damage.
You closely miss the goblin. The goblin hits you with a +0 dagger.
The orc wizard points at you and mumbles some strange words.
You resist with some effort. The hobgoblin barely misses you.
You barely miss the goblin. The orc wizard completely misses you.
The goblin hits you but does no damage.
The hobgoblin hits you but does no damage.
You hit the orc wizard.
You kill the orc wizard!
The goblin hits you but does no damage.
The hobgoblin hits you but does no damage.
The goblin barely misses you.
Things that are here:
a +0 dagger; a +0 robe; an orc corpse Jessica mumbles some strange words.
Jessica blinks!
There is an open door here.
Casting: Vampiric Draining (dangerous; 7% risk of failure)
Confirm with . or Enter, or press ? or * to list all spells.
Aiming: Vampiric Draining (dangerous; 7% risk of failure)
Press: ? - help, Shift-Dir - straight line, f - goblin
Aim: a goblin, wielding a +0 dagger (strong)
You draw life force from the goblin!
You kill the goblin!
You feel life coursing into your body.
Jessica mumbles some strange words.
Jessica blinks!
You block Jessica's attack.
The hobgoblin no longer looks unusually strong.
Jessica hits you with a +0 club.
Robin says, "Duck!"
Jessica gestures at you while chanting. Pain shoots through your body!
You die...

#....'.........'....'.......
######)####.........##...#...####
.....)>).)'.........+....+.......
###########.........##...#...####
#.........##...#...####
##.g..##########.......
#..g@##########.......
#....................รท ,,
#....@................ , *
#..................... , ,
#..................... . *
#....######........... .# #.[..#
#.....###### .# ###########.....#
## #...........#
######...........#
###...##......)#####


You could see Robin, Jessica (fast) and a hobgoblin.

Vanquished Creatures
  An orc wizard (D:3)
  A hound skeleton (D:4)
  3 adders
  A worm (D:3)
  An orc (D:4)
  4 endoplasms
  2 giant cockroaches (D:1)
  16 goblins
  8 hobgoblins
  4 jackals (D:1)
  4 kobolds
  A quokka (D:1)
  3 ball pythons
  A frilled lizard (D:3)
  2 rats
52 creatures vanquished.

Vanquished Creatures (collateral kills)
  A goblin (D:1)
1 creature vanquished.

Grand Total: 53 creatures vanquished

Notes
Turn   | Place    | Note
-------+----------+-------------------------------------------
     0 | D:1      | Kala the Deep Dwarf Necromancer began the quest for the
                  | Orb.
     0 | D:1      | Reached XP level 1. HP: 15/15 MP: 3/3
    42 | D:1      | Learned a level 1 spell: Animate Skeleton
   333 | D:1      | Reached XP level 2. HP: 17/22 MP: 0/4
   432 | D:1      | Reached skill level 1 in Earth Magic
  1220 | D:2      | Reached skill level 1 in Shields
  1600 | D:2      | Reached XP level 3. HP: 21/28 MP: 3/6
  1604 | D:2      | Learned a level 3 spell: Vampiric Draining
  2194 | D:3      | Reached skill level 5 in Necromancy
  2439 | D:3      | Reached XP level 4. HP: 31/36 MP: 1/7
  2671 | D:3      | Noticed Robin
  2913 | D:3      | Noticed Jessica
  3372 | D:3      | Killed from afar by Jessica

Illustrated notes

Levels and vault maps discovered:
D:1:      ncdulo_watergridlock, layout_loops_ring
D:2:      layout_loops_corners
D:3:      layout_basic, portal_sewer_entry_d, uniq_jessica, uniq_robin
D:4:      layout_layer_cave, lemuel_tele_altar

Skill      XL: |  1  2  3  4 |
---------------+-------------+-----
Earth Magic    | 1 |  1.1
Spellcasting   | 2 |  2.0
Shields        | 1 2 3 |  3.3
Necromancy     | 5 |  5.3
Armour         | |  0.9
Dodging        | |  2.1
Stealth        | |  2.4

Action                   |  1- 3 |  4- 6 || total
-------------------------+-------+-------++-------
Melee: Unarmed           |     1 |    43 ||    44
 Cast: Pain              |    68 |    14 ||    82
       Animate Skeleton  |     1 |     1 ||     2
       Vampiric Draining |     2 |     5 ||     7
Armor: Robe              |     7 |    16 ||    23
Dodge: Dodged            |    15 |    52 ||    67
Block: Buckler           |     2 |    11 ||    13
